 Dungeon Crawl Stone Soup version 0.29-a0-582-ge82337ba6a (webtiles) character file.

Game seed: 8844949637707038445

5 bande the Skirmisher (level 1, 0/12 HPs)
             Began as a Gargoyle Fighter on June 14, 2022.
             Slain by a quokka (3 damage)
             ... on level 1 of the Dungeon.
             The game lasted 00:00:32 (558 turns).

bande the Skirmisher (Gargoyle Fighter)              Turns: 558, Time: 00:00:33

Health: 0/12       AC:  9    Str: 19    XL:     1   Next: 80%
Magic:  1/1        EV:  9    Int:  8    God:
Gold:   32         SH:  4    Dex:  9    Spells: 0/0 levels left

rFire   . . .      SeeInvis .   a - +0 war axe
rCold   . . .      Faith    .   c - +0 buckler
rNeg    + . .      Spirit   .   b - +0 scale mail
rPois   ∞          Reflect  .   (no helmet)
rElec   +          Harm     .   (no cloak)
rCorr   +          Rampage  .   (no gloves)
Will    .....                   (no boots)
Stlth   ..........              (no amulet)
HPRegen 0.04/turn               f - ring of resist corrosion
MPRegen 0.07/turn               (no ring)

@: no status effects
A: sickness immunity, AC +2, negative energy resistance 1, electricity
resistance, torment resistance 1, petrification resistance, frail 1
a: no special abilities


You were on level 1 of the Dungeon.
You visited 1 branch of the dungeon, and saw 1 of its levels.

You collected 32 gold pieces.

Inventory:

Hand Weapons
 a - a +0 war axe (weapon)
Armour
 b - a +0 scale mail (worn)
 c - a +0 buckler (worn)
Jewellery
 f - a ring of resist corrosion (left hand)
 h - a +4 ring of evasion
Scrolls
 e - 2 scrolls of identify
 g - a scroll of acquirement {unknown}
 i - a scroll of enchant armour {unknown}
Potions
 d - a potion of might


   Skills:
 + Level 3.4 Fighting
 + Level 1.8 Axes
 + Level 3.4 Armour
 + Level 3.4 Shields


You couldn't memorise any spells.
You didn't know any spells.
Your spell library was empty.

Dungeon Overview and Level Annotations

Branches:
Dungeon (1/15)

Altars:


Innate Abilities, Weirdness & Mutations

You are immune to sickness and miasma.
Your stone body is resilient. (AC +2)
You are immune to poison.
You resist negative energy. (rN+)
You are resistant to electric shocks. (rElec)
You are resistant to unholy torment.
You are immune to petrification.
You are frail. (-10% HP)


Message History

The bat hits you but does no damage. The bat misses you.
You see here a scroll of identify.
You hit the bat.
The bat is moderately wounded.
The bat hits you but does no damage.
You barely miss the bat.
The bat is moderately wounded.
The bat hits you but does no damage. The bat hits you.
The bat closely misses you. x2
You miss the bat.
The bat is moderately wounded.
You block the bat's attack. The bat hits you. The bat barely misses you.
You miss the bat.
The bat is moderately wounded.
The bat hits you but does no damage. x2
You miss the bat. You block the bat's attack. The bat closely misses you.
You hit the bat.
You kill the bat!
No target in view!
No target in view!
No target in view!
No target in view!
No target in view!
No target in view!
No target in view!
e - 2 scrolls of identify (gained 1)
You now have 32 gold pieces (gained 8).
g - a scroll labelled DEW TUSHROH QOVEFYS
Found a stone staircase leading down.
There is a stone staircase leading down here.
i - a scroll labelled GOLUVU BYUJAONT A quokka comes into view.
A quokka is nearby!
The quokka bites you. You block the quokka's attack.
You barely miss the quokka. The quokka bites you.
You barely miss the quokka. The quokka bites you.
* * * LOW HITPOINT WARNING * * *
The quokka bites you.
You die...

#.# #.##..# #.# ######....
#.# #.###.#
######......... #.# #.#
#.#.######..#. ####.###.#
#..........###
........#####.#.######..#.
###.###.......### ####.#.#
#.....#####.#####.>..#.#
#..###.####.......####.#
##########..#
#.@r.#.####### #.#
............#
########.########..
########.#.##
##.##...........###
#.#)####.......#######.#
#.#............# #.#
#.#######.##.### #.# ##.##
###### #.# ###...### #.#
####...#...#### ##†##


You could see a quokka.

Vanquished Creatures
  A giant cockroach (D:1)
  A hobgoblin (D:1)
  A kobold (D:1)
  A bat (D:1)
  A rat (D:1)
5 creatures vanquished.

Notes
Turn   | Place    | Note
-------+----------+-------------------------------------------
     0 | D:1      | bande the Gargoyle Fighter began the quest for the Orb.
     0 | D:1      | Reached XP level 1. HP: 14/14 MP: 1/1
   251 | D:1      | Gained mutation: You are frail. (-10% HP) [potion of
                  | mutation]
   558 | D:1      | Slain by a quokka

Illustrated notes

Levels and vault maps discovered:
D:1:      minmay_arrival_split_and_join, layout_loops_ring,
          grunt_decor_fettered, chequers_mini_garden

Action                   || total
-------------------------++-------
Melee: War axe           ||    21
  Use: Scroll            ||     1
       Potion            ||     1
Armor: Scale mail        ||    14
Dodge: Dodged            ||    14
Block: Buckler           ||     4

Table legend: (Time is in decaauts)
 A = Elapsed time spent in this place.
 B = Non-inter-level travel time spent in this place.
 C = Inter-level travel time spent in this place.
 D = Time resting spent in this place.
 E = Time spent auto-exploring this place.
 F = Levels seen in this place.
 G = Mean time per level.
                   A        B        C        D        E       F      G
               +--------+--------+--------+--------+--------+-----+--------+
         Total |    566 |    566 |      0 |      0 |    496 |   1 |  566.0 |
       Dungeon |    566 |    566 |      0 |      0 |    496 |   1 |  566.0 |
               +--------+--------+--------+--------+--------+-----+--------+

Top non-repeatable levels by time:
     D:1: 566 daAuts
